 Dungeon Crawl Stone Soup version 0.23-a0-407-g92528d7c89 (webtiles) character file.

79618 Napalmbreeze the Nimble (level 15, -2/117 HPs)
             Began as a Gnoll Wanderer on Nov 6, 2018.
             Was an Initiate of Gozag.
             Killed by divine providence
             ... invoked by a meliai
              (15 damage)
             ... on level 15 of the Dungeon on Nov 7, 2018.
             The game lasted 01:33:16 (28465 turns).

Napalmbreeze the Nimble (Gnoll Wanderer)           Turns: 28465, Time: 01:33:16

Health: -2/117     AC: 16    Str: 23    XL:     15   Next: 64%
Magic:  35/38      EV: 21    Int: 27    God:    Gozag
Gold:   2390       SH:  0    Dex: 19    Spells: 25/34 levels left

rFire    . . .     SeeInvis .   b - +7 dire flail "Moure" {vamp, Int+4 Dex-5}
rCold    . . .     Gourm    .   (shield currently unavailable)
rNeg     . . .     Faith    .   Y - +3 leather armour of Fedhas's Castigation {Regen+ Int+5 Dex+4}
rPois    +         Spirit   .   H - +2 helmet "Hero's Friend" {rElec MP+9 Str+4}
rElec    +         Reflect  .   V - +1 cloak
rCorr    .         Harm     .   X - +0 pair of gloves {Str+3}
MR       ++...                  h - +0 pair of boots
Stlth    +++++.....             Z - amulet "Roatwasch" {+Blink rPois Regen+ Slay+3}
HPRegen  1.09/turn              d - ring of protection from magic
MPRegen  0.26/turn              K - +4 ring of dexterity

@: about to teleport
A: distributed training, fangs 1, strong nose
a: Potion Petition, Call Merchant, Bribe Branch, Renounce Religion, Evoke Blink


You were on level 15 of the Dungeon.
You worshipped Gozag.
Gozag was most pleased with you.
You were not hungry.

You visited 3 branches of the dungeon, and saw 22 of its levels.
You also visited: Bailey.

You collected 6941 gold pieces.
You spent 3279 gold pieces at shops.
You paid 1272 gold pieces to Gozag.

Inventory:

Hand Weapons
 b - the +7 dire flail "Moure" (weapon) {vamp, Int+4 Dex-5}
   (You found it on level 1 of the Lair of Beasts)

   It inflicts no extra harm, but heals its wielder when it wounds a living foe.
   It affects your intelligence (+4).
   It affects your dexterity (-5).
Armour
 h - a +0 pair of boots (worn)
 H - the +2 helmet "Hero's Friend" (worn) {rElec MP+9 Str+4}
   (You bought it in a shop on level 5 of the Dungeon)

   It affects your strength (+4).
   It insulates you from electricity.
   It affects your magic capacity (+9).
 O - a +2 shield of reflection
 V - a +1 cloak (worn)
 X - a +0 pair of gloves of strength (worn)
 Y - the +3 leather armour of Fedhas's Castigation (worn) {Regen+ Int+5 Dex+4}
   (You bought it in a shop on level 1 of the Lair of Beasts)

   It affects your intelligence (+5).
   It affects your dexterity (+4).
   It increases your rate of regeneration.
Jewellery
 d - a ring of protection from magic (left hand)
 F - the ring "Koim" {Wiz rPois rC- rN+}
   (You found it on level 7 of the Dungeon)

   [ring of wizardry]

   It improves your spell success rate.
   It makes you vulnerable to cold.
   It protects you from poison.
   It protects you from negative energy.
 K - a +4 ring of dexterity (right hand)
 S - an uncursed ring of flight
 Z - the amulet "Roatwasch" (around neck) {+Blink rPois Regen+ Slay+3}
   (You bought it in a shop on level 1 of the Lair of Beasts)

   [amulet of regeneration]

   It affects your accuracy and damage with ranged weapons and melee attacks
   (+3).
   It protects you from poison.
   It lets you blink.
   It increases your rate of regeneration.
Wands
 j - a wand of paralysis (14)
 p - a wand of acid (7)
 s - a wand of polymorph (25)
 z - a wand of flame (2)
 G - a wand of clouds (4)
 I - a wand of disintegration (13)
 M - a wand of digging (6)
Scrolls
 e - 6 scrolls of enchant weapon
 g - 5 scrolls of blinking
 i - 6 scrolls of magic mapping
 k - 7 scrolls of amnesia
 m - 12 scrolls of remove curse
 q - a scroll of vulnerability {unknown}
 v - 3 scrolls of identify
 A - 4 scrolls of teleportation
 C - 2 scrolls of immolation
 D - a scroll of brand weapon {unknown}
 E - 11 scrolls of enchant armour
 J - 3 scrolls of noise {unknown}
 W - a scroll of fog
Potions
 c - 10 potions of curing
 l - 3 potions of brilliance
 n - a potion of cancellation {unknown}
 o - 3 potions of agility
 t - 7 potions of flight
 u - 5 potions of heal wounds
 B - a potion of magic
 L - 2 potions of might
 N - 3 potions of lignification
 Q - 2 potions of resistance
 R - a potion of berserk rage
 T - a potion of mutation {unknown}
 U - a potion of haste
Miscellaneous
 P - a lightning rod (4/4)
Comestibles
 f - 32 rations


   Skills:
 + Level 10.9 Fighting
 + Level 10.3 Short Blades
 + Level 10.0 Long Blades
 + Level 10.0 Axes
 + Level 10.0 Maces & Flails
 + Level 10.0 Polearms
 + Level 10.9 Staves
 + Level 10.0 Slings
 + Level 10.0 Bows
 + Level 10.0 Crossbows
 + Level 10.9 Throwing
 + Level 10.0 Armour
 + Level 10.9 Dodging
 + Level 10.2 Stealth
 + Level 10.0 Shields
 + Level 10.0 Unarmed Combat
 + Level 10.0 Spellcasting
 + Level 8.4 Conjurations
 + Level 8.4 Hexes
 + Level 8.4 Charms
 + Level 8.4 Summonings
 + Level 8.4 Necromancy
 + Level 8.4 Translocations
 + Level 8.4 Transmutations
 + Level 8.4 Fire Magic
 + Level 8.4 Ice Magic
 + Level 8.4 Air Magic
 + Level 8.4 Earth Magic
 + Level 8.4 Poison Magic
 + Level 10.8 Invocations
 + Level 10.0 Evocations


You had 25 spell levels left.
You knew the following spells:

 Your Spells              Type           Power        Failure   Level  Hunger
a - Summon Ice Beast      Ice/Summ       ######..     1%          4    None
s - Borgnjor's Vile Clut  Necr/Erth      ######....   4%          5    ####...

Your spell library contained the following spells:

 Spells                   Type           Power        Failure   Level  Hunger
 Confusing Touch          Hex            ######       1%          1    None
 Freeze                   Ice            ####         1%          1    None
 Ensorcelled Hibernation  Hex/Ice        ######       1%          2    None
 Throw Frost              Conj/Ice       ######       1%          2    None
 Confuse                  Hex            ######..     1%          3    None
 Gell's Gravitas          Tloc           ######....   1%          3    None
 Ozocubu's Armour         Chrm/Ice       ######..     1%          3    None
 Petrify                  Tmut/Erth      ######..     1%          4    None
 Throw Icicle             Conj/Ice       ######..     1%          4    None
 Metabolic Englaciation   Hex/Ice        ######....   4%          5    ####...
 Silence                  Hex/Air        ######....   4%          5    ####...
 Yara's Violent Unravell  Hex/Tmut       ######....   4%          5    ####...
 Darkness                 Hex            ######....   24%         6    #####..
 Shadow Creatures         Summ           N/A          24%         6    #####..


Dungeon Overview and Level Annotations

Branches:
Dungeon (15/15)            Temple (0/1) D:4            Lair (6/6) D:9
  Swamp (0/4) Lair:3        Snake (0/4) Lair:4        Slime (1/5) Lair:5
    Orc (0/2) D:9          Vaults (0/5) D:14         Depths (0/5) D:15

Altars:
Cheibriados
Dithmenos
Gozag
Hepliaklqana
Kikubaaqudgha
Makhleb
Sif Muna
Trog
Vehumet
Xom
Zin

Shops:
D:5 *}   D:6 ?   D:12 *   D:13 :}*   Lair:1 *

Portals:
Hell: Lair:6

Annotations:
Lair:1 GOLD, exclusion: fire dragon
Lair:2 exclusion: hydra
Lair:3 exclusion: oklob plant
Lair:6 exclusion: oklob plant


Innate Abilities, Weirdness & Mutations

Your experience applies equally to all skills.
You have very sharp teeth.
Your uncanny sense of smell can sniff out nearby items.


Message History

g - Guard the area. f - Follow me.
Anything else - Cancel.
Okay, then.
You puncture the wolf spider simulacrum!
The wolf spider simulacrum is heavily damaged.
The meliai misses your ice beast. The meliai stings your ice beast.
Your ice beast hits the meliai but does no damage.
The wolf spider simulacrum hits you.
The wolf spider simulacrum freezes you!!
* * * LOW HITPOINT WARNING * * *
The wolf spider simulacrum closely misses you.
The meliai mumbles some strange prayers to its god against you.
Something smites you!
* * * LOW HITPOINT WARNING * * *
As you read the scroll of teleportation, it crumbles to dust.
You feel strangely unstable.
The meliai mumbles some strange prayers to its god against you.
Something smites you!
You die...
Your body crumbles into a pile of gold.

..........##########
#..###.............#
#..#)#..#####.####.#
##.###..# #.## .#
#......# #..###.####
####.#'# ##.........
#... #......... # .
#..#####.. ...
#@.#[[?#..
..<..##Z.#)($#..
.....'yY.#(!?#..
.y...##.(#####..
.... #...c..... ...
#......... ..
#...K.#### ' #.....#
.......


You could see a yaktaur, a big kobold shaped shifter, a meliai, a wolf spider
simulacrum and a friendly ice beast.

Vanquished Creatures
  Kirke (Lair:4)
  An ettin (D:15)
  A yaktaur captain (D:14)
  2 ogre magi (D:15)
  7 hydras
  A death knight (D:15)
  7 two-headed ogres
  3 centaur warriors (D:15)
  2 death yaks (D:9)
  Sonja (Lair:5)
  A sixfirhy (Lair:6)
  A wizard (Lair:6)
  A phantasmal warrior (D:15)
  4 harpies (D:15)
  3 deep elf magi
  An oklob plant (Lair:6)
  An orc sorcerer (D:15)
  7 ugly things
  2 cyclopes
  A black mamba (Lair:6)
  3 centaur zombies
  6 elephants (Lair:6)
  4 gargoyles
  3 orange demons (Lair:6)
  2 centaur skeletons
  9 spiny frogs
  3 rime drakes (Lair:6)
  4 yaktaurs
  A kobold demonologist (D:15)
  2 freezing wraiths (D:15)
  6 komodo dragons
  A hellwing (Lair:6)
  2 ice devils (Lair:6)
  2 trolls
  3 hornets (D:12)
  A polar bear (Lair:3)
  A hornet (shapeshifter) (D:15)
  7 blink frogs
  10 hippogriffs
  6 slime creatures (D:13)
  A spriggan (D:7)
  6 wyverns
  Grum (D:10)
  6 hogs (Lair:4)
  31 yaks
  3 wraiths (D:15)
  2 hungry ghosts
  7 vampire mosquitoes
  A basilisk (Lair:6)
  4 nagas (Lair:4)
  5 acid dragons
  10 water moccasins
  5 porcupines
  4 hell hounds (Lair:6)
  9 ice beasts
  5 sky beasts
  14 orc warriors
  A black bear (D:7)
  2 phantoms
  An eye of draining (D:9)
  2 wolves
  9 ogres
  9 centaurs
  8 crocodiles
  2 big kobolds
  16 bullfrogs
  7 gnoll sergeants
  A wyvern zombie (D:13)
  2 scorpions (D:4)
  3 killer bees (D:8)
  29 wights
  2 howler monkeys
  9 crimson imps
  2 bullfrog zombies (D:12)
  4 quasits
  7 hounds
  13 orc priests
  4 jellies
  5 gnoll shamans (Bailey)
  2 bullfrog skeletons
  2 iguanas
  14 orc wizards
  8 worker ants
  Robin (D:3)
  A howler monkey zombie (D:6)
  14 gnolls
  9 adders
  6 shadow imps
  4 oozes
  3 worms
  2 dart slugs
  7 leopard geckos
  48 orcs
  A ball python (D:3)
  9 bats
  2 giant cockroaches
  17 goblins
  10 hobgoblins
  9 jackals
  17 kobolds
  5 quokkas
  2 frilled lizards
  11 rats
  A butterfly (Lair:3)
581 creatures vanquished.

Vanquished Creatures (collateral kills)
  A hydra (D:14)
  5 ugly things (D:14)
  2 cyclopes
  A manticore (D:12)
  A centaur zombie (D:12)
  A yaktaur (D:14)
  A troll (D:12)
  A slime creature (D:13)
  A yak (D:11)
  A vampire mosquito (D:13)
  A sky beast (D:11)
  A wolf (D:10)
  2 gnoll sergeants (Bailey)
  A water moccasin zombie (D:12)
  A scorpion (D:12)
  3 killer bees (D:12)
  A howler monkey (D:13)
  A bullfrog zombie (D:12)
  A hound (Bailey)
  A gnoll shaman (Bailey)
  An orc wizard (D:14)
  An iguana (D:12)
  6 gnolls (Bailey)
  12 orcs
48 creatures vanquished.

Vanquished Creatures (others)
  6 fungi
  2 plants
8 creatures vanquished.

Grand Total: 637 creatures vanquished

Notes
Turn   | Place    | Note
-------+----------+-------------------------------------------
     0 | D:1      | Napalmbreeze the Gnoll Wanderer began the quest for the
                  | Orb.
     0 | D:1      | Napalmbreeze set off with the following items: a +2
                  | quarterstaff, a potion of lignification, a potion of
                  | curing, a +0 robe, a ration
     0 | D:1      | Reached XP level 1. HP: 20/20 MP: 1/1
   161 | D:1      | Reached XP level 2. HP: 26/26 MP: 2/2
   654 | D:1      | Reached XP level 3. HP: 31/31 MP: 3/3
  1132 | D:2      | Reached skill level 1 in Invocations
  1550 | D:2      | Found a bloodstained altar of Trog.
  1882 | D:3      | Reached skill level 1 in Long Blades
  1882 | D:3      | Reached skill level 1 in Axes
  1882 | D:3      | Reached skill level 1 in Maces & Flails
  1882 | D:3      | Reached skill level 1 in Polearms
  1882 | D:3      | Reached skill level 1 in Slings
  1882 | D:3      | Reached skill level 1 in Bows
  1882 | D:3      | Reached skill level 1 in Crossbows
  1882 | D:3      | Reached skill level 1 in Armour
  1882 | D:3      | Reached skill level 1 in Shields
  1882 | D:3      | Reached skill level 1 in Unarmed Combat
  1882 | D:3      | Reached skill level 1 in Spellcasting
  1882 | D:3      | Reached skill level 1 in Evocations
  1945 | D:3      | Found a shimmering altar of Xom.
  1960 | D:3      | Reached XP level 4. HP: 21/38 MP: 5/5
  2797 | D:2      | Reached skill level 1 in Conjurations
  2797 | D:2      | Reached skill level 1 in Hexes
  2797 | D:2      | Reached skill level 1 in Charms
  2797 | D:2      | Reached skill level 1 in Summonings
  2797 | D:2      | Reached skill level 1 in Necromancy
  2797 | D:2      | Reached skill level 1 in Translocations
  2797 | D:2      | Reached skill level 1 in Transmutations
  2797 | D:2      | Reached skill level 1 in Fire Magic
  2797 | D:2      | Reached skill level 1 in Ice Magic
  2797 | D:2      | Reached skill level 1 in Air Magic
  2797 | D:2      | Reached skill level 1 in Earth Magic
  2797 | D:2      | Reached skill level 1 in Poison Magic
  2938 | D:3      | Reached XP level 5. HP: 30/43 MP: 6/6
  3252 | D:3      | Noticed Robin
  3274 | D:3      | Killed Robin
  3543 | D:3      | Found a deep blue altar of Sif Muna.
  3545 | D:3      | Found an opulent altar of Gozag.
  3545 | D:3      | Found a glowing silver altar of Zin.
  3607 | D:3      | Became a worshipper of Gozag Ym Sagoz the Greedy
  3833 | D:4      | Found a snail-covered altar of Cheibriados.
  3839 | D:4      | Reached XP level 6. HP: 31/50 MP: 8/8
  3882 | D:4      | Reached skill level 5 in Fighting
  3882 | D:4      | Reached skill level 5 in Staves
  3882 | D:4      | Reached skill level 5 in Throwing
  3882 | D:4      | Reached skill level 5 in Dodging
  4127 | D:4      | Got a brightly glowing short sword
  4129 | D:4      | Identified the +3 short sword "Iduqidar" {antimagic, rN++}
                  | (You found it on level 4 of the Dungeon)
  4258 | D:4      | Found a burning altar of Makhleb.
  4309 | D:4      | Reached XP level 7. HP: 56/56 MP: 3/10
  4563 | D:4      | Found a staircase to the Ecumenical Temple.
  4745 | D:5      | Entered Level 5 of the Dungeon
  4746 | D:5      | Found Cobb's Gadget Shop.
  5229 | D:5      | Found Selup's General Store.
  5642 | D:5      | Reached XP level 8. HP: 57/63 MP: 4/12
  6756 | D:6      | Found Tuwaex's Magic Scroll Shop.
  7064 | D:7      | Got a bound jade ring
  7065 | D:7      | Identified the ring "Koim" {Wiz rPois rC- rN+} (You found
                  | it on level 7 of the Dungeon)
  7113 | D:7      | Found a hazy altar of Hepliaklqana.
  7129 | D:7      | Reached XP level 9. HP: 62/69 MP: 4/14
  7541 | D:7      | Found a shadowy altar of Dithmenos.
  7956 | D:5      | Bought the +2 helmet "Hero's Friend" {rElec MP+9 Str+4} for
                  | 613 gold pieces
  8049 | D:8      | Reached skill level 5 in Short Blades
  8276 | D:8      | Noticed a two-headed ogre
  8300 | D:8      | Killed a two-headed ogre
  8300 | D:8      | Reached skill level 5 in Stealth
  8300 | D:8      | Reached skill level 5 in Invocations
  8590 | D:8      | Reached XP level 10. HP: 72/77 MP: 8/17
  8615 | D:8      | Found a radiant altar of Vehumet.
  9221 | D:8      | Reached skill level 5 in Long Blades
  9221 | D:8      | Reached skill level 5 in Axes
  9221 | D:8      | Reached skill level 5 in Maces & Flails
  9221 | D:8      | Reached skill level 5 in Polearms
  9221 | D:8      | Reached skill level 5 in Slings
  9221 | D:8      | Reached skill level 5 in Bows
  9221 | D:8      | Reached skill level 5 in Crossbows
  9221 | D:8      | Reached skill level 5 in Armour
  9221 | D:8      | Reached skill level 5 in Shields
  9221 | D:8      | Reached skill level 5 in Unarmed Combat
  9221 | D:8      | Reached skill level 5 in Spellcasting
  9221 | D:8      | Reached skill level 5 in Evocations
  9480 | D:9      | Found Qixtu's Assorted Antiques.
  9509 | D:9      | Noticed a death yak
  9509 | D:9      | Noticed a death yak
  9532 | D:9      | Killed a death yak
  9645 | D:9      | Noticed a death yak
  9646 | D:9      | Found a staircase to the Lair.
 10544 | D:9      | Noticed a two-headed ogre
 10553 | D:9      | Killed a two-headed ogre
 10553 | D:9      | Reached XP level 11. HP: 60/84 MP: 19/19
 12464 | D:5      | Bought a wand of acid (8) for 240 gold pieces
 12464 | D:5      | Bought a wand of acid (5) for 180 gold pieces
 12572 | D:9      | Killed a death yak
 12910 | D:9      | Reached skill level 5 in Conjurations
 12910 | D:9      | Reached skill level 5 in Hexes
 12910 | D:9      | Reached skill level 5 in Charms
 12910 | D:9      | Reached skill level 5 in Summonings
 12910 | D:9      | Reached skill level 5 in Necromancy
 12910 | D:9      | Reached skill level 5 in Translocations
 12910 | D:9      | Reached skill level 5 in Transmutations
 12910 | D:9      | Reached skill level 5 in Fire Magic
 12910 | D:9      | Reached skill level 5 in Ice Magic
 12910 | D:9      | Reached skill level 5 in Air Magic
 12910 | D:9      | Reached skill level 5 in Earth Magic
 12910 | D:9      | Reached skill level 5 in Poison Magic
 12929 | D:9      | Found a staircase to the Orcish Mines.
 13050 | Lair:1   | Entered Level 1 of the Lair of Beasts
 13054 | Lair:1   | Noticed a five-headed hydra
 13399 | Lair:1   | Killed a five-headed hydra
 14323 | Lair:1   | Got a shimmering dire flail
 14342 | Lair:1   | Identified the +7 dire flail "Moure" {vamp, Int+4 Dex-5}
                  | (You found it on level 1 of the Lair of Beasts)
 14454 | Lair:1   | Noticed a fire dragon
 15048 | Lair:2   | Found an ancient bone altar of Kikubaaqudgha.
 15216 | Lair:2   | Reached XP level 12. HP: 94/94 MP: 22/22
 15298 | Lair:2   | Noticed an eight-headed hydra
 15516 | Lair:2   | Killed an eight-headed hydra
 15909 | Lair:2   | Reached XP level 13. HP: 65/100 MP: 24/24
 17014 | Lair:3   | Found a staircase to the Swamp.
 17628 | Lair:4   | Noticed Kirke
 17651 | Lair:4   | Killed Kirke
 17866 | Lair:4   | You fall through a shaft!
 18034 | Lair:4   | Found a staircase to the Snake Pit.
 18639 | Lair:5   | Noticed Sonja
 18641 | Lair:5   | Killed Sonja
 18852 | Lair:5   | Found a staircase to the Slime Pits.
 19070 | Slime:1  | Entered Level 1 of the Pits of Slime
 19084 | Lair:6   | Entered Level 6 of the Lair of Beasts
 19107 | Lair:6   | Found a burning altar of Makhleb.
 20156 | Lair:6   | Reached XP level 14. HP: 85/109 MP: 26/26
 21384 | Lair:6   | Found a burning altar of Makhleb.
 22000 | Lair:6   | Found a gateway to Hell.
 22256 | Lair:1   | Bought a paperback book for 405 gold pieces
 22256 | Lair:1   | Bought a translucent leather armour for 189 gold pieces
 22256 | Lair:1   | Bought an ancient tin amulet for 135 gold pieces
 22266 | Lair:1   | Identified the +3 leather armour of Fedhas's Castigation
                  | {Regen+ Int+5 Dex+4} (You bought it in a shop on level 1 of
                  | the Lair of Beasts)
 22267 | Lair:1   | Identified the amulet "Roatwasch" {+Blink rPois Regen+
                  | Slay+3} (You bought it in a shop on level 1 of the Lair of
                  | Beasts)
 22290 | D:10     | Entered Level 10 of the Dungeon
 22575 | D:10     | Identified a scroll of acquirement
 22588 | D:10     | Learned a level 4 spell: Summon Ice Beast
 22689 | D:10     | Noticed Grum
 22700 | D:10     | Killed Grum
 23039 | D:11     | Reached skill level 10 in Fighting
 23039 | D:11     | Reached skill level 10 in Staves
 23039 | D:11     | Reached skill level 10 in Throwing
 23039 | D:11     | Reached skill level 10 in Dodging
 23842 | D:11     | Identified the cursed +1 chain mail "Budusaumoi" {+Fly
                  | rPois Int-2}
 24303 | D:12     | Found a flagged portal.
 24310 | Bailey   | Entered a bailey
 24787 | D:12     | Bought a scroll of enchant armour for 112 gold pieces
 24787 | D:12     | Bought a ration for 75 gold pieces
 24787 | D:12     | Bought a scroll of acquirement for 780 gold pieces
 24795 | D:12     | Learned a level 5 spell: Borgnjor's Vile Clutch
 25304 | D:13     | Found Mutuph's Food Shoppe.
 25328 | D:13     | Bought a ration for 50 gold pieces
 25328 | D:13     | Bought a ration for 50 gold pieces
 25328 | D:13     | Bought a ration for 50 gold pieces
 25328 | D:13     | Bought a ration for 50 gold pieces
 25328 | D:13     | Bought a ration for 50 gold pieces
 25328 | D:13     | Bought a ration for 50 gold pieces
 25328 | D:13     | Bought a ration for 50 gold pieces
 25328 | D:13     | Bought a ration for 50 gold pieces
 25328 | D:13     | Bought a ration for 50 gold pieces
 25328 | D:13     | Bought a ration for 50 gold pieces
 25328 | D:13     | Bought a ration for 50 gold pieces
 25396 | D:13     | Reached skill level 10 in Invocations
 25397 | D:13     | Found Xiyb's Gadget Emporium.
 25502 | D:13     | Found Lusiunla's Book Boutique.
 25888 | D:13     | Found Soegutab's Assorted Antiques.
 26488 | D:14     | Reached XP level 15. HP: 117/117 MP: 9/28
 26875 | D:14     | Found a gate to the Vaults.
 27000 | D:15     | Entered Level 15 of the Dungeon
 27046 | D:15     | Reached skill level 10 in Short Blades
 27053 | D:15     | Reached skill level 10 in Stealth
 28038 | D:15     | Reached skill level 10 in Long Blades
 28038 | D:15     | Reached skill level 10 in Axes
 28038 | D:15     | Reached skill level 10 in Maces & Flails
 28038 | D:15     | Reached skill level 10 in Polearms
 28038 | D:15     | Reached skill level 10 in Slings
 28038 | D:15     | Reached skill level 10 in Bows
 28038 | D:15     | Reached skill level 10 in Crossbows
 28038 | D:15     | Reached skill level 10 in Armour
 28038 | D:15     | Reached skill level 10 in Shields
 28038 | D:15     | Reached skill level 10 in Unarmed Combat
 28038 | D:15     | Reached skill level 10 in Spellcasting
 28038 | D:15     | Reached skill level 10 in Evocations
 28364 | D:15     | Found a staircase to the Depths.
 28465 | D:15     | Killed from afar by a meliai

Vault maps used:
D:1:      minmay_arrival_three_doors, lemuel_another_geyser
D:2:      lightli_temple_of_fire
D:3:      tgw_xom, grunt_temple_overflow_diamond, kennysheep_potato, uniq_robin
D:4:      makhleb_blood_cavern_becter, lemuel_round_altar,
          minmay_temple_entry_glassed_door
D:5:      first_ration, serial_shops, shop, shop, grunt_tough_drop
D:6:      serial_shops, nicolae_shop_trees
D:7:      lemuel_round_altar, grunt_dithmenos_smoke, the_bakery,
          minmay_misc_feat_plants
D:8:      vehumet_crystals, grunt_ministairs_1, kennysheep_nub
D:9:      dpeg_lair_monsters, david_orc_4, serial_co_window_serial,
          co_window_cross_1, co_window_corner_a, co_window_of_opportunity_a,
          co_window_paths_b, co_window_corner_a, co_window_corner_a,
          co_window_broadway_a, co_window_broadway_a, co_window_unsneaky_path_a,
          co_window_corner_cb, co_window_corner_b, co_window_corner_cb,
          glass_columns_a, glass_columns_b, glass_columns_c, glass_columns_a,
          serial_shops, shop
D:10:     uniq_grum
D:11:     special_room, serial_corexii_hall, chequers_hall_statues_wall_a,
          corexii_hall_statues_u
D:12:     enter_bailey_1
D:13:     serial_shops, shop, nicolae_shop_waterfront,
          nicolae_shop_window_shopping, shop
D:14:     david_vaults_2, minmay_misc_feat_columns, grunt_decor_clamped,
          grunt_ministairs_15
D:15:     hangedman_depths_entry_civil_slaughter, serial_glass, glass_columns_a,
          glass_columns_a, due_unseen_surprise, feat_on_display,
          item_on_display_a, feat_on_display, kennysheep_flooded_box
Lair:1:   dragon1_lemuel, chequers_serial_rivers_marsh, patterned_corridor
Lair:2:   basic_altar, lemuel_fruit_tree
Lair:3:   minmay_swamp_entry_swarm, minmay_lair_oklob_chamber,
          lemuel_fruit_fields, grunt_megastairs_3, serial_bayou_shore_b
Lair:4:   minmay_snake_entry_guardpost_small, uniq_kirke
Lair:5:   nicolae_slime_entry_slimehenge, chequers_serial_rivers_micro_d,
          minmay_holes, serial_bayou_shore_b, uniq_sonja
Lair:6:   evil_forest, minmay_lair_oklob_bushes, lemuel_oklob_altar
Bailey:   bailey_polearm_gnolls_kennysheep, bailey

Skill      XL: |  1  2  3  4  5  6  7  8  9 10 11 12 13 14 15 |
---------------+----------------------------------------------+-----
Invocations    | 1 2 3 4 5 6 7 8 9 10 | 10.8
Long Blades    | 1 2 3 4 5 7 8 9 10 | 10.0
Axes           | 1 2 3 4 5 7 8 9 10 | 10.0
Maces & Flails | 1 2 3 4 5 7 8 9 10 | 10.0
Polearms       | 1 2 3 4 5 7 8 9 10 | 10.0
Slings         | 1 2 3 4 5 7 8 9 10 | 10.0
Bows           | 1 2 3 4 5 7 8 9 10 | 10.0
Crossbows      | 1 2 3 4 5 7 8 9 10 | 10.0
Armour         | 1 2 3 4 5 7 8 9 10 | 10.0
Shields        | 1 2 3 4 5 7 8 9 10 | 10.0
Unarmed Combat | 1 2 3 4 5 7 8 9 10 | 10.0
Spellcasting   | 1 2 3 4 5 7 8 9 10 | 10.0
Evocations     | 1 2 3 4 5 7 8 9 10 | 10.0
Conjurations   | 1 2 3 4 5 6 7 8 |  8.4
Hexes          | 1 2 3 4 5 6 7 8 |  8.4
Charms         | 1 2 3 4 5 6 7 8 |  8.4
Summonings     | 1 2 3 4 5 6 7 8 |  8.4
Necromancy     | 1 2 3 4 5 6 7 8 |  8.4
Translocations | 1 2 3 4 5 6 7 8 |  8.4
Transmutations | 1 2 3 4 5 6 7 8 |  8.4
Fire Magic     | 1 2 3 4 5 6 7 8 |  8.4
Ice Magic      | 1 2 3 4 5 6 7 8 |  8.4
Air Magic      | 1 2 3 4 5 6 7 8 |  8.4
Earth Magic    | 1 2 3 4 5 6 7 8 |  8.4
Poison Magic   | 1 2 3 4 5 6 7 8 |  8.4
Short Blades   | 3 4 5 6 7 8 9 10 | 10.3
Stealth        | 3 4 5 6 7 8 9 10 | 10.2
Fighting       | 5 6 7 8 9 10 | 10.9
Staves         | 5 6 7 8 9 10 | 10.9
Throwing       | 5 6 7 8 9 10 | 10.9
Dodging        | 5 6 7 8 9 10 | 10.9

Action                   |  1- 3 |  4- 6 |  7- 9 | 10-12 | 13-15 || total
-------------------------+-------+-------+-------+-------+-------++-------
Melee: Quarterstaff      |   100 |   164 |       |       |       ||   264
       Bite              |     6 |    22 |    57 |    67 |   155 ||   307
       Short sword       |       |    26 |   478 |   194 |       ||   698
       Punch             |       |       |     8 |     7 |       ||    15
       Battleaxe         |       |       |       |   187 |       ||   187
       Dire flail        |       |       |       |   126 |  1080 ||  1206
 Cast: Summon Ice Beast  |       |       |       |       |    86 ||    86
       Borgnjor's Vile C |       |       |       |       |    21 ||    21
Invok: Call Merchant     |       |       |       |       |     2 ||     2
Evoke: Wand              |       |     1 |    15 |    32 |    51 ||    99
  Use: Potion            |       |     2 |       |     1 |     2 ||     5
       Scroll            |       |       |     1 |    13 |    14 ||    28
 Stab: Sleeping          |     8 |       |     1 |     1 |    14 ||    24
       Distracted        |       |       |     1 |       |    12 ||    13
  Eat: Chunk             |     3 |     8 |     1 |       |       ||    12
       Ration            |       |       |     4 |     8 |    14 ||    26
Armor: Robe              |    17 |    20 |       |       |       ||    37
       Ice dragon scales |       |    23 |   184 |   250 |   320 ||   777
       Skin              |       |     3 |       |       |       ||     3
       Leather armour    |       |       |       |       |   133 ||   133
Dodge: Dodged            |    63 |   137 |   265 |   361 |   994 ||  1820

Table legend:
 A = Non-vault XP
 B = Vault XP
 C = Vault XP percentage of total XP
 D = Non-vault monster count
 E = Vault monster count
 F = Vault count percentage of total count
                 A         B        C        D         E       F
            +---------+---------+-------+---------+---------+-------
      Total |   71992 |   29325 |  28.9 |     465 |     163 |  26.0
            +---------+---------+-------+---------+---------+-------
        D:1 |      36 |       0 |   0.0 |      20 |       0 |   0.0
        D:2 |      33 |       0 |   0.0 |      11 |       0 |   0.0
        D:3 |     182 |      46 |  20.2 |      37 |      16 |  30.2
        D:4 |     439 |      45 |   9.3 |      15 |       1 |   6.2
        D:5 |     707 |      63 |   8.2 |      19 |       5 |  20.8
        D:6 |     613 |       0 |   0.0 |      14 |       0 |   0.0
        D:7 |     775 |     220 |  22.1 |      14 |       1 |   6.7
        D:8 |    2403 |     228 |   8.7 |      30 |       2 |   6.2
        D:9 |    2661 |    3317 |  55.5 |      42 |      21 |  33.3
       D:10 |     277 |     334 |  54.7 |       5 |       3 |  37.5
       D:11 |    4030 |    1075 |  21.1 |      31 |      25 |  44.6
       D:12 |    5077 |       0 |   0.0 |      41 |       0 |   0.0
       D:13 |    5468 |       0 |   0.0 |      29 |       0 |   0.0
       D:14 |    9196 |    1949 |  17.5 |      33 |       5 |  13.2
       D:15 |   18176 |    4819 |  21.0 |      42 |       6 |  12.5
     Lair:1 |    3792 |       0 |   0.0 |      15 |       0 |   0.0
     Lair:2 |    4812 |       0 |   0.0 |      16 |       0 |   0.0
     Lair:3 |    2032 |     904 |  30.8 |      10 |       5 |  33.3
     Lair:4 |    1021 |    4033 |  79.8 |       5 |      11 |  68.8
     Lair:5 |    3265 |     855 |  20.8 |      14 |       5 |  26.3
     Lair:6 |    6997 |   10340 |  59.6 |      22 |      27 |  55.1
     Bailey |       0 |    1097 | 100.0 |       0 |      30 | 100.0
            +---------+---------+-------+---------+---------+-------
